 Dungeon Crawl Stone Soup version 0.17-a0-1575-g9a29ec8 (webtiles) character file.

211 urechis the Cudgeler (level 5, -1/55 HPs)
             Began as an Ogre Gladiator on July 26, 2015.
             Slain by cmdexe's ghost (8 damage)
             ... on level 4 of the Dungeon.
             The game lasted 00:04:54 (3067 turns).

urechis the Cudgeler (Ogre Gladiator)               Turns: 3067, Time: 00:04:54

Health: -1/55      AC:  7    Str: 20    XL:     5   Next: 88%
Magic:  5/5        EV: 10    Int:  7    God:
Gold:   89         SH:  0    Dex: 11    Spells: 0 memorised, 4 levels left

rFire  . . .     SeeInvis .     a - +0 flail
rCold  . . .     Clarity  .     b - +0 robe
rNeg   . . .     SustAt   .     (no shield)
rPois  .         Gourm    .     c - +0 hat
rElec  .         Spirit   .     (no cloak)
rCorr  .         Warding  .     (gloves unavailable)
rMut   .         Stasis   .     (boots unavailable)
MR     .....                    (no amulet)
Stlth  +.........               (no ring)
                                l - +4 ring of protection

@: not resistant to hostile enchantments, very unstealthy
A: unfitting armour, tough skin 1
a: no special abilities


You were on level 4 of the Dungeon.
You were not hungry.

You visited 1 branch of the dungeon, and saw 4 of its levels.

You collected 89 gold pieces.

Inventory:

Hand weapons
 a - a +0 flail (weapon)
Missiles
 d - 3 throwing nets (quivered)
Armour
 b - a +0 robe (worn)
 c - a +0 hat (worn)
Jewellery
 l - a +4 ring of protection (left hand)
Scrolls
 i - 2 scrolls of noise {unknown}
 j - 2 scrolls of teleportation {unknown}
 o - 4 scrolls of identify {unknown}
 p - a scroll of blinking {unknown}
 r - 4 scrolls of remove curse {unknown}
 u - a scroll of magic mapping {unknown}
 v - a scroll of recharging {unknown}
 w - a scroll of enchant armour {unknown}
Potions
 f - 4 potions of might {unknown}
 g - 7 potions of curing {unknown}
 k - 2 potions of brilliance {unknown}
 m - a potion of degeneration {unknown}
 q - 2 potions of cancellation {unknown}
 t - a potion of haste {unknown}
 x - a potion of heal wounds {unknown}
Comestibles
 e - 3 bread rations
 h - a slice of pizza
 n - a meat ration
 s - a beef jerky
 z - a chunk of flesh


   Skills:
 + Level 4.7 Fighting
 * Level 7.3 Maces & Flails
 - Level 2.1 Throwing
 - Level 2.6 Dodging


You had 4 spell levels left.
You didn't know any spells.

Dungeon Overview and Level Annotations

Branches:
Dungeon (4/15)
 Temple: D:4-7

Altars:
Elyvilon
Fedhas
Nemelex Xobeh
Ru
Vehumet
Yredelemnul
Zin

Annotations:
D:4 Dowan; Duvessa; cmdexe's ghost, experienced HONe


Innate Abilities, Weirdness & Mutations

You are too large for most types of armour.
You have tough skin (AC +1).


Message History

You sock Duvessa!
Duvessa is heavily wounded.
Duvessa hits you with a short sword. Cmdexe's ghost hits you.
You barely miss Duvessa.
Duvessa is heavily wounded.
Duvessa hits you with a short sword. Cmdexe's ghost closely misses you.
You sock Duvessa!
Duvessa is severely wounded.
Duvessa hits you with a short sword! Cmdexe's ghost hits you!
* * * LOW HITPOINT WARNING * * *
You hit Duvessa.
Duvessa is severely wounded.
Duvessa hits you but does no damage. Cmdexe's ghost hits you.
* * * LOW HITPOINT WARNING * * *
You hit Duvessa.
Duvessa is almost dead.
Duvessa hits you with a short sword.
* * * LOW HITPOINT WARNING * * *
Cmdexe's ghost hits you!
You die...

######## #<.....# .
######.####
.########....########.##
.....(>........W@ee)...#
.........###.#########..
.........#.....s.....##.##
.................W........
.........#.#.#####.#.##.#
.........#.#.#.....#
(#####.#.....#W#...# .#
###.###.###.###.#
(###...###.# #.# #.#


You could see Duvessa, Dowan and cmdexe's ghost.

Vanquished Creatures
  A centaur (D:4)
  4 adders
  4 worms
  A giant gecko (D:1)
  2 orcs (D:3)
  16 goblins
  10 hobgoblins
  9 jackals
  A quokka (D:2)
  A ball python (D:3)
  7 bats
  4 giant cockroaches
  A giant newt (D:2)
  2 gnoll zombies (D:3)
  4 kobolds
  10 rats
77 creatures vanquished.

Vanquished Creatures (others)
  5 toadstools (D:1)
5 creatures vanquished.

Grand Total: 82 creatures vanquished

Notes
Turn   | Place    | Note
--------------------------------------------------------------
     0 | D:1      | urechis the Ogre Gladiator began the quest for the Orb.
     0 | D:1      | Reached XP level 1. HP: 22/22 MP: 1/1
   438 | D:1      | Reached XP level 2. HP: 25/31 MP: 2/2
   986 | D:2      | Reached skill level 5 in Maces & Flails
   986 | D:2      | Reached XP level 3. HP: 28/37 MP: 3/3
  1008 | D:2      | Found a white marble altar of Elyvilon.
  1425 | D:2      | Found a sacrificial altar of Ru.
  1446 | D:2      | Found a blossoming altar of Fedhas.
  1815 | D:3      | Reached XP level 4. HP: 45/48 MP: 4/4
  1886 | D:3      | Found a sparkling altar of Nemelex Xobeh.
  2011 | D:3      | Found a glowing silver altar of Zin.
  2122 | D:3      | Reached skill level 6 in Maces & Flails
  2284 | D:3      | Found a radiant altar of Vehumet.
  2439 | D:3      | Reached XP level 5. HP: 54/54 MP: 5/5
  2480 | D:3      | Found a basalt altar of Yredelemnul.
  2560 | D:4      | Noticed a centaur
  2574 | D:4      | Killed a centaur
  2574 | D:4      | Reached skill level 7 in Maces & Flails
  2626 | D:4      | Noticed cmdexe's ghost (experienced HONe)
  3056 | D:4      | Noticed Duvessa
  3056 | D:4      | Noticed Dowan
  3067 | D:4      | Slain by cmdexe's ghost

Vault maps used:
D:1:      ldierk_walled_garden, st_stairs_12, moated_statue
D:2:      kennysheep_the_goblin_king, elyvilon_altar_5,
          lemuel_coloured_pillars_altar, fedhas_altar_1
D:3:      lemuel_crystal_altar, nemelex_deck, zin_academy,
          lemuel_zombie_altar_yredelemnul, saegor_snake_ambush
D:4:      nicolae_overflow_crystal_walls, okawaru_gym_becter,
          minmay_temple_entry_crystal_x, hangedman_decor_push, uniq_duvessa,
          uniq_blork_the_orc

Action                   |  1- 3 |  4- 6 || total
-------------------------+-------+-------++-------
Melee: Flail             |   109 |   125 ||   234
 Stab: Sleeping          |     5 |       ||     5
  Eat: Chunk             |     3 |     4 ||     7
